AoeStats
← b站江条

Arabia

510326345Analyzed
1v1 RM · 21h ago on Sep 30, 2026· 35m 25s· 2 players
Game mode
Random Map
Map size
Tiny (2 player)
Population
200
Speed
Normal
Resources
Standard
Victory
Conquest
Starting age
Dark Age
Ending age
Imperial Age
RankedLock teamsTeams togetherTeam positionsShared explorationLock speedFull tech treeHidden civsTurbo modeCheats
Victory
Defeat
🇨🇳 Maya · China
1354
+15
🇹🇷 Mapuche · Türkiye
1333
-15
Mtk
7:10 Loom
10:08 Feudal Age
11:00 Double-Bit Axe
10:56 Horse Collar
15:23 Fletching
20:20 Padded Archer Armor
20:13 Champi Runner
24:17 Castle Age
22:32 Gold Mining
22:49 Scale Mail Armor
24:28 Elite Skirmisher
25:06 Bodkin Arrow
25:45 Champi Warrior
28:31 Chain Mail Armor
29:11 Arson
33:44 Forging
b站江条
0:25 Loom
10:19 Feudal Age
12:13 Double-Bit Axe
15:02 Horse Collar
15:40 Fletching
21:08 Castle Age
21:28 Crossbowman
22:06 Bodkin Arrow
22:52 Bow Saw
22:37 Gold Mining
27:03 Heavy Plow
29:21 Wheelbarrow
32:21 Padded Archer Armor
32:27 Thumb Ring
35:07 Imperial Age
33:27 Leather Archer Armor
33:40 Hand Cart
34:15 Ballistics
35:15 Arbalester
Connection lost

Rejoining the realm…

Still unreachable

The connection could not be restored.

Session expired

The server has moved on; the page needs a fresh start.